XFBL
NEW YORK METS @ CHICAGO CUBS
04/11/1982
 
TOP OF THE 1ST
New York Mets batting - Pitching for Chicago Cubs : RHP John Brown
Pitching: RHP John Brown
Batting: RHB Dave Concepcion 0-0: Called Strike
0-1: Ball
1-1: Foul Ball, location: 2F
1-2: Strikes out swinging
Batting: LHB John Kruk 0-0: Foul Ball, location: 2F
0-1: Ball
1-1: Swinging Strike
1-2: Foul Ball, location: 2F
1-2: Strikes out swinging
Batting: LHB Lyman Bostock 0-0: Ball
1-0: Ground out U3 (Groundball, 3, EV 86.3 MPH)
Top of the 1st over - 0 runs, 0 hits, 0 errors, 0 left on base; New York 0 - Chicago 0
BOTTOM OF THE 1ST
Chicago Cubs batting - Pitching for New York Mets : RHP Pete Redfern
Pitching: RHP Pete Redfern
Batting: LHB Gerald Perry 0-0: Ground out 6-3 (Groundball, 6M, EV 103.8 MPH)
Batting: RHB Bill Madlock 0-0: Called Strike
0-1: Ball
1-1: SINGLE (Line Drive, 9LM, EV 106.3 MPH)
Batting: RHB Lonnie Smith 0-0: Called Strike
0-1: Hit by Pitch
Bill Madlock to second
Batting: SHB Roy Smalley 0-0: Called Strike
0-1: Ball
1-1: Called Strike
1-2: Strikes out swinging
Batting: RHB Jim Rice 0-0: Fly out, F1 (Popup, 13, EV 81.9 MPH)
Bottom of the 1st over - 0 runs, 1 hit, 0 errors, 2 left on base; New York 0 - Chicago 0
TOP OF THE 2ND
New York Mets batting - Pitching for Chicago Cubs : RHP John Brown
Batting: RHB Gary Redus 0-0: Swinging Strike
0-1: Ball
1-1: Ball
2-1: Fly out, F8 (Flyball, 89D, EV 95.0 MPH)
Batting: RHB Garry Maddox 0-0: DOUBLE (Groundball, 5L, EV 105.6 MPH)
Batting: RHB Bill Almon 0-0: Ball
1-0: Swinging Strike
1-1: Ball
2-1: Ground out U3 (Groundball, 13, EV 90.0 MPH)
Garry Maddox to third
Batting: LHB Terry Kennedy 0-0: Foul Ball, location: 2F
0-1: Ball
1-1: Ball
2-1: Called Strike
2-2: Strikes out swinging
Top of the 2nd over - 0 runs, 1 hit, 0 errors, 1 left on base; New York 0 - Chicago 0
BOTTOM OF THE 2ND
Chicago Cubs batting - Pitching for New York Mets : RHP Pete Redfern
Batting: RHB Randy Ready 0-0: Fly out, F7 (Line Drive, 7S, EV 86.9 MPH)
Batting: RHB Bob Brenly 0-0: Ball
1-0: Ball
2-0: Called Strike
2-1: Ball
3-1: Swinging Strike
3-2: Base on Balls
Batting: RHB Willie Randolph 0-0: Ball
1-0: Ball
2-0: Grounds into double play, 6-4-3 (Groundball, 6, EV 105.6 MPH)
Bottom of the 2nd over - 0 runs, 0 hits, 0 errors, 0 left on base; New York 0 - Chicago 0
TOP OF THE 3RD
New York Mets batting - Pitching for Chicago Cubs : RHP John Brown
Batting: RHB Ray Knight 0-0: Ball
1-0: Called Strike
1-1: Foul Ball, location: 2F
1-2: Ball
2-2: Fly out, F7 (Flyball, 78M, EV 92.5 MPH)
Batting: RHB Pete Redfern 0-0: Ball
1-0: Ball
2-0: Ball
3-0: Called Strike
3-1: Foul Ball, location: 2F
3-2: Base on Balls
Batting: RHB Dave Concepcion 0-0: Called Strike
0-1: Called Strike
0-2: Ball
1-2: SINGLE (Flyball, 56D, EV 89.4 MPH)
Pete Redfern to second
Batting: LHB John Kruk 0-0: Called Strike
0-1: Grounds into double play, 3-6-3 (Groundball, 3, EV 106.3 MPH)
Top of the 3rd over - 0 runs, 1 hit, 0 errors, 1 left on base; New York 0 - Chicago 0
BOTTOM OF THE 3RD
Chicago Cubs batting - Pitching for New York Mets : RHP Pete Redfern
Batting: RHB John Brown 0-0: Swinging Strike
0-1: Ground out 3-1 (Groundball, 13, EV 87.5 MPH)
Batting: LHB Gerald Perry 0-0: SINGLE (Flyball, 5D, EV 96.3 MPH)
Batting: RHB Bill Madlock 0-0: Called Strike
Gerald Perry steals 2nd base
0-1: Ball
1-1: Called Strike
1-2: SINGLE (Groundball, 25, EV 68.1 MPH) (infield hit)
Gerald Perry to third
Batting: RHB Lonnie Smith 0-0: Ball
1-0: Called Strike
1-1: Ball
Bill Madlock is caught stealing 2nd base 2-4
2-1: SINGLE (Line Drive, 8RS, EV 112.5 MPH)
Gerald Perry scores
Batting: SHB Roy Smalley 0-0: Ball
1-0: Called Strike
1-1: Ball
2-1: Called Strike
2-2: Foul Ball, location: 2F
2-2: Ball
3-2: Foul Ball, location: 2F
3-2: Strikes out swinging
Bottom of the 3rd over - 1 run, 3 hits, 0 errors, 1 left on base; New York 0 - Chicago 1
TOP OF THE 4TH
New York Mets batting - Pitching for Chicago Cubs : RHP John Brown
Batting: LHB Lyman Bostock 0-0: Called Strike
0-1: Ball
1-1: SINGLE (Groundball, 34D, EV 104.4 MPH)
Batting: RHB Gary Redus 0-0: Swinging Strike
0-1: Ball
1-1: Fly out, F8 (Flyball, 8RXD, EV 106.9 MPH)
Batting: RHB Garry Maddox 0-0: Ball
1-0: Foul Ball, location: 2F
1-1: Reached on error, E6 (Groundball, 6M, EV 81.3 MPH)
Lyman Bostock to second
Batting: RHB Bill Almon 0-0: Called Strike
Lyman Bostock steals 3rd base
0-1: Foul Ball, location: 2F
0-2: Fielders Choice at 2nd, 4-6 (Groundball, 4, EV 86.3 MPH)
Lyman Bostock scores
Batting: LHB Terry Kennedy 0-0: Ball
1-0: Ball
2-0: Called Strike
2-1: Fly out, F9 (Flyball, 9D, EV 95.6 MPH)
Top of the 4th over - 1 run, 1 hit, 1 error, 1 left on base; New York 1 - Chicago 1
BOTTOM OF THE 4TH
Chicago Cubs batting - Pitching for New York Mets : RHP Pete Redfern
Batting: RHB Jim Rice 0-0: Fly out, F8 (Flyball, 89XD, EV 106.9 MPH)
Batting: RHB Randy Ready 0-0: Ground out 6-3 (Groundball, 6, EV 91.3 MPH)
Batting: RHB Bob Brenly 0-0: Ball
1-0: Ball
2-0: Fly out, F8 (Flyball, 8RXD, EV 97.5 MPH)
Bottom of the 4th over - 0 runs, 0 hits, 0 errors, 0 left on base; New York 1 - Chicago 1
TOP OF THE 5TH
New York Mets batting - Pitching for Chicago Cubs : RHP John Brown
Batting: RHB Ray Knight 0-0: Foul Ball, location: 2F
0-1: Ground out 6-3 (Groundball, 6, EV 88.1 MPH)
Batting: RHB Pete Redfern 0-0: Called Strike
0-1: Called Strike
0-2: SINGLE (Groundball, 56D, EV 99.4 MPH)
Batting: RHB Dave Concepcion 0-0: Foul Ball, location: 2F
0-1: Fly out, F4 (Popup, 4, EV 60.0 MPH)
Batting: LHB John Kruk 0-0: Foul Ball, location: 2F
0-1: Ball
1-1: Ball
2-1: SINGLE (Line Drive, 5D, EV 93.8 MPH)
Pete Redfern to second
Batting: LHB Lyman Bostock 0-0: Ball
1-0: SINGLE (Groundball, 4MS, EV 70.0 MPH) (infield hit)
Pete Redfern to third
John Kruk to second
Batting: RHB Gary Redus 0-0: Foul Ball, location: 2F
0-1: Foul Ball, location: 2F
0-2: Ball
1-2: Ground out U3 (Groundball, 3S, EV 84.4 MPH)
Top of the 5th over - 0 runs, 3 hits, 0 errors, 3 left on base; New York 1 - Chicago 1
BOTTOM OF THE 5TH
Chicago Cubs batting - Pitching for New York Mets : RHP Pete Redfern
Batting: RHB Willie Randolph 0-0: Ball
1-0: Fly out, F8 (Line Drive, 8LM, EV 91.3 MPH)
Batting: RHB John Brown 0-0: Ball
1-0: Called Strike
1-1: Swinging Strike
1-2: Strikes out swinging
Batting: LHB Gerald Perry 0-0: Called Strike
0-1: Ball
1-1: Ball
2-1: Fly out, F7 (Line Drive, 7, EV 86.9 MPH)
Bottom of the 5th over - 0 runs, 0 hits, 0 errors, 0 left on base; New York 1 - Chicago 1
TOP OF THE 6TH
New York Mets batting - Pitching for Chicago Cubs : RHP John Brown
Batting: RHB Garry Maddox 0-0: Called Strike
0-1: Fly out, F8 (Flyball, 8RD, EV 93.1 MPH)
Batting: RHB Bill Almon 0-0: Foul Ball, location: 2F
0-1: Ball
1-1: Ball
2-1: Ball
3-1: Ground out 6-3 (Groundball, 6, EV 80.0 MPH)
Batting: LHB Terry Kennedy 0-0: Ball
1-0: Swinging Strike
1-1: SINGLE (Line Drive, 34, EV 96.3 MPH)
Batting: RHB Ray Knight 0-0: Ball
1-0: Ball
2-0: Ball
3-0: Called Strike
3-1: Swinging Strike
3-2: Strikes out looking
Top of the 6th over - 0 runs, 1 hit, 0 errors, 1 left on base; New York 1 - Chicago 1
BOTTOM OF THE 6TH
Chicago Cubs batting - Pitching for New York Mets : RHP Pete Redfern
Batting: RHB Bill Madlock 0-0: Called Strike
0-1: Ball
1-1: Ground out 5-3 (Groundball, 56, EV 103.8 MPH)
Batting: RHB Lonnie Smith 0-0: Called Strike
0-1: Ball
1-1: Foul Ball, location: 2F
1-2: Ground out 5-3 (Groundball, 56S, EV 80.0 MPH)
Batting: SHB Roy Smalley 0-0: Ball
1-0: Ball
2-0: Ball
3-0: Called Strike
3-1: Base on Balls
Batting: RHB Jim Rice 0-0: Ball
1-0: Ball
2-0: Ball
3-0: Foul Ball, location: 2F
3-1: Foul Ball, location: 2F
3-2: Strikes out looking
Bottom of the 6th over - 0 runs, 0 hits, 0 errors, 1 left on base; New York 1 - Chicago 1
TOP OF THE 7TH
New York Mets batting - Pitching for Chicago Cubs : RHP John Brown
Pinch Hitting: LHB Roy E Johnson 0-0: Ball
1-0: Ball
2-0: Foul Ball, location: 2F
2-1: Foul Ball, location: 2F
2-2: Strikes out swinging
Batting: RHB Dave Concepcion 0-0: Called Strike
0-1: Foul Ball, location: 2F
0-2: Ball
1-2: Ball
2-2: Foul Ball, location: 2F
2-2: Ball
3-2: SINGLE (Line Drive, 7S, EV 95.6 MPH)
Batting: LHB John Kruk 0-0: Ball
1-0: Fielders Choice at 2nd, 5-4 (Groundball, 56, EV 107.5 MPH)
Batting: LHB Lyman Bostock 0-0: Foul Ball, location: 2F
0-1: DOUBLE (Line Drive, 7LS, EV 106.9 MPH)
John Kruk to third
Runner from 3rd tries for Home, SAFE, no throw by LF
Batting: RHB Gary Redus 0-0: SINGLE (Groundball, 56D, EV 100.0 MPH)
Lyman Bostock to third
Runner from 3rd tries for Home, SAFE, throw by LF to home
Batting: RHB Garry Maddox 0-0: Ball
1-0: Ball
2-0: Fly out, F8 (Line Drive, 8LM, EV 100.6 MPH)
Top of the 7th over - 2 runs, 3 hits, 0 errors, 1 left on base; New York 3 - Chicago 1
BOTTOM OF THE 7TH
Chicago Cubs batting - Pitching for New York Mets : RHP Pete Redfern
Pitching: RHP Matt Adams
Now at 1B: Alamazoo White
Batting: RHB Randy Ready 0-0: Called Strike
0-1: Ball
1-1: Called Strike
1-2: Foul Ball, location: 2F
1-2: Strikes out looking
Batting: RHB Bob Brenly 0-0: Ball
1-0: Called Strike
1-1: Fly out, F8 (Flyball, 8RS, EV 91.9 MPH)
Batting: RHB Willie Randolph 0-0: Called Strike
0-1: Swinging Strike
0-2: Strikes out swinging
Bottom of the 7th over - 0 runs, 0 hits, 0 errors, 0 left on base; New York 3 - Chicago 1
TOP OF THE 8TH
New York Mets batting - Pitching for Chicago Cubs : RHP John Brown
Batting: RHB Bill Almon 0-0: Called Strike
0-1: Foul Ball, location: 2F
0-2: Ball
1-2: Fly out, F8 (Flyball, 8LD, EV 101.3 MPH)
Batting: LHB Terry Kennedy 0-0: SINGLE (Groundball, 3D, EV 100.0 MPH)
Batting: RHB Ray Knight 0-0: Called Strike
0-1: SINGLE (Line Drive, 8RS, EV 93.1 MPH)
Terry Kennedy to second
Runner from 2nd tries for 3rd, SAFE, throw by CF made to third
Batting: LHB Alamazoo White 0-0: Called Strike
Ray Knight steals 2nd base
0-1: Ball
Wild Pitch!
Terry Kennedy scores
Ray Knight to third
1-1: Intentional Walk
Batting: RHB Dave Concepcion 0-0: Called Strike
0-1: Ball
1-1: Ball
2-1: Ball
3-1: Fielders Choice at 2nd, 1-6 (Groundball, 13S, EV 63.1 MPH)
Batting: LHB John Kruk 0-0: Called Strike
0-1: Called Strike
0-2: Foul Ball, location: 2F
0-2: Ball
1-2: Foul Ball, location: 2F
1-2: Strikes out swinging
Top of the 8th over - 1 run, 2 hits, 0 errors, 2 left on base; New York 4 - Chicago 1
BOTTOM OF THE 8TH
Chicago Cubs batting - Pitching for New York Mets : RHP Matt Adams
Pinch Hitting: LHB Johnny Grubb 0-0: Ball
1-0: Ground out 6-3 (Groundball, 6M, EV 101.9 MPH)
Batting: LHB Gerald Perry 0-0: Called Strike
0-1: Ball
1-1: Ball
2-1: Called Strike
2-2: DOUBLE (Line Drive, 7LM, EV 100.6 MPH)
Batting: RHB Bill Madlock 0-0: Swinging Strike
0-1: Ground out 5-3 (Groundball, 5D, EV 103.1 MPH)
Batting: RHB Lonnie Smith 0-0: Ball
1-0: Foul Ball, location: 2F
1-1: Foul Ball, location: 2F
1-2: Foul Ball, location: 2F
1-2: DOUBLE (Line Drive, 78M, EV 93.1 MPH)
Gerald Perry scores
Batting: SHB Roy Smalley 0-0: Foul Ball, location: 2F
0-1: Ball
1-1: Foul Ball, location: 2F
1-2: Ball
2-2: Ball
3-2: Base on Balls
Batting: RHB Jim Rice 0-0: Ball
1-0: Swinging Strike
1-1: Swinging Strike
1-2: Fly out, F7 (Flyball, 78XD, EV 88.1 MPH)
Bottom of the 8th over - 1 run, 2 hits, 0 errors, 2 left on base; New York 4 - Chicago 2
TOP OF THE 9TH
New York Mets batting - Pitching for Chicago Cubs : RHP John Brown
Pitching: RHP Tom Niedenfuer
Batting: LHB Lyman Bostock 0-0: SINGLE (Line Drive, 78S, EV 110.6 MPH)
Batting: RHB Matt Adams 0-0: Ball
1-0: Foul Ball, location: 2F
1-1: Swinging Strike
1-2: Ball
2-2: Strikes out swinging
Batting: RHB Garry Maddox 0-0: Ball
1-0: SINGLE (Line Drive, 7S, EV 112.5 MPH)
Lyman Bostock to second
Runner from 2nd tries for 3rd, SAFE, throw by LF made to third
Batting: RHB Bill Almon 0-0: Ball
1-0: Swinging Strike
1-1: Ball
2-1: Fly out, F7 (Line Drive, 7, EV 90.0 MPH)
Runner from 3rd tags up, OUT at HOME! 7-2
Top of the 9th over - 0 runs, 2 hits, 0 errors, 1 left on base; New York 4 - Chicago 2
BOTTOM OF THE 9TH
Chicago Cubs batting - Pitching for New York Mets : RHP Matt Adams
Batting: RHB Randy Ready 0-0: Foul Ball, location: 2F
0-1: Called Strike
0-2: Ball
1-2: Foul Ball, location: 2F
1-2: Ball
2-2: Ball
3-2: Base on Balls
Pinch Hitting: LHB Dave Bergman 0-0: Ball
1-0: Called Strike
1-1: Called Strike
1-2: Strikes out swinging
Pinch Hitting: RHB Gary Ward 0-0: Ball
1-0: Ball
2-0: Foul Ball, location: 2F
2-1: Grounds into double play, 6-4-3 (Groundball, 6, EV 77.5 MPH)
Bottom of the 9th over - 0 runs, 0 hits, 0 errors, 0 left on base; New York 4 - Chicago 2
Tuesday, July 21st, 2020 - OOTP Baseball 21.4 Build 63